 Dungeon Sprint DCSS version 0.29-a0-284-gf9362112df (webtiles) character file.

Game seed: 7223213722337343432

342684 mhtbhm the Axe Maniac (level 20, -8/324 HPs)
             Began as a Minotaur Berserker on Mar 20, 2022.
             Was the Champion of Trog.
             Mangled by Mennas
             ... wielding a +0 eudemon blade of holy wrath
              (18 damage)
             ... in the Dungeon (Sprint VII: "The Pits").
             The game lasted 00:44:12 (14804 turns).

mhtbhm the Axe Maniac (Minotaur Berserker)         Turns: 14804, Time: 00:44:12

Health: -8/324     AC: 41    Str: 42    XL:     20   Next: 74%
Magic:  0/28       EV: 13    Int:  1    God:    Trog [******]
Gold:   350        SH:  5    Dex:  9    Spells: 19/19 levels left

rFire   + + +      SeeInvis .   d - +7 executioner's axe (flame)
rCold   + + +      Faith    .   (shield currently unavailable)
rNeg    + + +      Spirit   .   b - +11 gold dragon scales
rPois   +          Reflect  +   X - -2 hat of the Alchemist {rElec rPois rF+ rC+ rN+ Will+ rMut rCorr}
rElec   +          Harm     .   G - +0 cloak {rCorr}
rCorr   +          Rampage  +   L - +3 Mad Mage's Maulers {Infuse+∞ RegenMP Int-3}
rMut    +          NoTele   +   u - +2 pair of boots {rampage}
Will    ++++.                   k - amulet "Xycyifit" {Reflect rC++ Slay+5 SH+5}
Stlth   ..........              Q - ring of the Voivode {Fly rN++ Str+6}
HPRegen 1.64/turn               s - ring of Moodiness {rF+ rC+ rN+ Str+4}
MPRegen 0.61/turn

@: berserking (expiring), strong-willed, flying, regenerating, glowing,
constricted, very quick
A: horns 2, retaliatory headbutt, deformed body, no potion heal 1, subdued magic
1
}: 3/3 runes: silver, golden, iron
a: Renounce Religion, Berserk, Trog's Hand, Brothers in Arms


You were in the Dungeon.
You worshipped Trog.
Trog was exalted by your worship.
You visited 1 branch You collected 350 gold pieces.

Inventory:

Hand Weapons
 a - the +13 battleaxe of Spontaneous Combustion {vorpal, Fly rElec rC+ SInv}
   (Trog gifted it to you in the Dungeon)

   It inflicts extra damage upon your enemies.
   rC:        It protects you from cold.
   rElec:     It insulates you from electricity.
   SInv:      It lets you see invisible.
   Fly:       It grants you flight.
 d - a +7 executioner's axe of flaming (weapon)
 p - a +9 double sword of holy wrath
 B - the +9 broad axe "Atoafyj" {speed, rPois rCorr Str+2}
   (You found it in the Dungeon)

   Attacks with this weapon are significantly faster.
   Str:       It affects your strength (+2).
   rPois:     It protects you from poison.
   rCorr:     It protects you from acid and corrosion.
Missiles
 q - 6 poisoned darts (quivered)
 F - 3 curare-tipped darts
Armour
 b - +11 gold dragon scales (worn)
 u - a +2 pair of boots of rampaging (worn)
 G - a +0 cloak of preservation (worn)
 L - the +3 Mad Mage's Maulers (worn) {Infuse+∞ RegenMP Int-3}
   (You found it in the Dungeon)

   It empowers its wearer's blows with all of their magic.
   It causes its wearer's magical reserves to regenerate more quickly.
   Int:       It affects your intelligence (-3).
 X - the -2 hat of the Alchemist (worn) {rElec rPois rF+ rC+ rN+ Will+ rMut rCorr}
   (You found it in the Dungeon)

   rF:        It protects you from fire.
   rC:        It protects you from cold.
   rElec:     It insulates you from electricity.
   rPois:     It protects you from poison.
   rN:        It protects you from negative energy.
   rCorr:     It protects you from acid and corrosion.
   rMut:      It protects you from mutation.
   Will:      It increases your willpower.
Jewellery
 k - the amulet "Xycyifit" (around neck) {Reflect rC++ Slay+5 SH+5}
   (You found it in the Dungeon)

   [amulet of reflection]

   It reflects blocked missile attacks.
   Slay:      It affects your accuracy & damage with ranged weapons and melee
   (+5).
   rC:        It greatly protects you from cold.
   SH:        It affects your SH (+5).
 s - the ring of Moodiness (right hand) {rF+ rC+ rN+ Str+4}
   (You found it in the Dungeon)

   [ring of protection from cold]

   Str:       It affects your strength (+4).
   rF:        It protects you from fire.
   rC:        It protects you from cold.
   rN:        It protects you from negative energy.
 y - the amulet of Vitality {Regen+ HP+15}
   (You found it in the Dungeon)

   [amulet of regeneration]

   HP:        It affects your health (+15).
   Regen:     It increases your rate of health regeneration.
 D - the amulet of the Crown {Faith rN+ Str-4 Stlth+}
   (You found it in the Dungeon)

   [amulet of faith]

   It allows you to gain divine favour quickly.
   Str:       It affects your strength (-4).
   rN:        It protects you from negative energy.
   Stlth:     It makes you more stealthy.
 I - the ring of Zeziaghu {rElec rPois rN+ rCorr Int-5}
   (You found it in the Dungeon)

   [ring of resist corrosion]

   Int:       It affects your intelligence (-5).
   rElec:     It insulates you from electricity.
   rPois:     It protects you from poison.
   rN:        It protects you from negative energy.
   rCorr:     It protects you from acid and corrosion.
 J - the ring of Pats {rN+ Int+6 Dex+6 Slay+3}
   (You found it in the Dungeon)

   [ring of dexterity]

   Int:       It affects your intelligence (+6).
   Dex:       It affects your dexterity (+6).
   Slay:      It affects your accuracy & damage with ranged weapons and melee
   (+3).
   rN:        It protects you from negative energy.
 K - the ring "Siegossa" {rC+ rN+ rCorr}
   (You found it in the Dungeon)

   [ring of positive energy]

   rC:        It protects you from cold.
   rN:        It protects you from negative energy.
   rCorr:     It protects you from acid and corrosion.
 M - the ring "Zyczis" {Fire Will+ Str+2}
   (You found it in the Dungeon)

   [ring of fire]

   It enhances your fire magic.
   Str:       It affects your strength (+2).
   rF:        It protects you from fire.
   rC:        It makes you vulnerable to cold.
   Will:      It increases your willpower.
 N - the ring of Hoovuvaa {Str+9 SInv}
   (You found it in the Dungeon)

   [ring of see invisible]

   Str:       It affects your strength (+9).
   SInv:      It lets you see invisible.
 O - the ring of Veagryise {rF+ Int+3}
   (You found it in the Dungeon)

   [ring of protection from fire]

   Int:       It affects your intelligence (+3).
   rF:        It protects you from fire.
 P - the ring of Amorality {rC+ rCorr Int+8}
   (You found it in the Dungeon)

   [ring of protection from cold]

   Int:       It affects your intelligence (+8).
   rC:        It protects you from cold.
   rCorr:     It protects you from acid and corrosion.
 Q - the ring of the Voivode (left hand) {Fly rN++ Str+6}
   (You found it in the Dungeon)

   [ring of strength]

   Str:       It affects your strength (+6).
   rN:        It greatly protects you from negative energy.
   Fly:       It grants you flight.
 R - the amulet "Zisanajack" {RegenMP Drain Fly rPois}
   (You found it in the Dungeon)

   [amulet of magic regeneration]

   It increases your rate of magic regeneration.
   rPois:     It protects you from poison.
   Fly:       It grants you flight.
   Drain:     It drains your maximum health when unequipped.
 S - the ring "Orchint Jyvol" {rElec rPois rF+++ Str+3 Dex-5}
   (You found it in the Dungeon)

   [ring of poison resistance]

   Str:       It affects your strength (+3).
   Dex:       It affects your dexterity (-5).
   rF:        It renders you almost immune to fire.
   rElec:     It insulates you from electricity.
   rPois:     It protects you from poison.
 T - the ring "Daras" {Contam +Blink rElec rPois Int+2 Dex+6}
   (You found it in the Dungeon)

   [ring of dexterity]

   Int:       It affects your intelligence (+2).
   Dex:       It affects your dexterity (+6).
   rElec:     It insulates you from electricity.
   rPois:     It protects you from poison.
   +Blink:    It lets you blink.
   Contam:    It causes magical contamination when unequipped.
 U - the ring "Zatihodi" {rC+ Will+ EV+4 Dex+4 Stlth+}
   (You found it in the Dungeon)

   [ring of evasion]

   EV:        It affects your evasion (+4).
   Dex:       It affects your dexterity (+4).
   rC:        It protects you from cold.
   Will:      It increases your willpower.
   Stlth:     It makes you more stealthy.
 W - the ring "Leckoq" {rCorr Slay+5}
   (You found it in the Dungeon)

   [ring of slaying]

   Slay:      It affects your accuracy & damage with ranged weapons and melee
   (+5).
   rCorr:     It protects you from acid and corrosion.
 Y - a ring of willpower
 Z - a +6 ring of protection
Wands
 m - a wand of paralysis (3)
 r - a wand of digging (4)
 v - a wand of flame (27)
Scrolls
 w - 12 scrolls of identify
 A - 3 scrolls of fear
 H - a scroll of fog
Potions
 c - 13 potions of curing
 e - a potion of cancellation
 f - 9 potions of magic
 g - 7 potions of berserk rage
 h - 14 potions of heal wounds
 i - 3 potions of invisibility
 l - 4 potions of haste
 n - 2 potions of might
 o - 7 potions of mutation
 z - 2 potions of attraction
 V - 3 potions of resistance
Miscellaneous
 j - a box of beasts
 t - a condenser vane
 x - a lightning rod (4/4)
 E - a phantom mirror


   Skills:
 O Level 27 Fighting
 + Level 14.0(16.4) Short Blades
 + Level 15.2(17.8) Long Blades
 O Level 27 Axes
 + Level 15.2(24.4) Maces & Flails
 + Level 18.6(26.2) Polearms
 + Level 15.2(21.0) Staves
 + Level 14.0(16.4) Slings
 + Level 14.0 Bows
 + Level 14.1 Crossbows
 + Level 13.0(15.2) Throwing
 O Level 27 Armour
 O Level 27 Dodging
 O Level 27 Stealth
 O Level 27 Shields
 O Level 27 Unarmed Combat
 + Level 13.0 Invocations
 O Level 27 Evocations


You had 19 spell levels left.
You didn't know any spells.
Your spell library was empty.

Dungeon Overview and Level Annotations

Branches:
Dungeon (1/1)

Altars:
Cheibriados
Dithmenos
Elyvilon
Fedhas
Gozag
Hepliaklqana
Makhleb
Nemelex Xobeh
Okawaru
Qazlal
Ru
Sif Muna
Trog
Vehumet
Wu Jian
Xom
Yredelemnul
Zin
The Shining One
Beogh
Jiyva
Lugonu

Annotations:
D Antaeus, Mennas


Innate Abilities, Weirdness & Mutations

You have a pair of horns on your head.
You reflexively headbutt those who attack you in melee.
Armour fits poorly on your strangely shaped body.
Potions are less effective at restoring your health.
Your spells are a little easier to cast, but a little less powerful.


Message History

Antaeus is heavily wounded.
You slice the tentacled monstrosity!! You burn the tentacled monstrosity.
You slash Newaj! You burn Newaj. You slice Mennas!! You burn Mennas.
Newaj hits you!
* * * LOW HITPOINT WARNING * * *
Your deep troll barely misses Antaeus.
Your deep troll claws Antaeus.
Your deep troll claws Antaeus but does no damage.
Mennas hits you with a +0 eudemon blade of holy wrath!
* * * LOW HITPOINT WARNING * * *
You block Mennas's attack.
The tentacled monstrosity tentacle-slaps you but does no damage. x2
The tentacled monstrosity tentacle-slaps you.
* * * LOW HITPOINT WARNING * * *
The tentacled monstrosity grabs you.
The tentacled monstrosity constricts you.
Antaeus hits you!!
* * * LOW HITPOINT WARNING * * *
Antaeus freezes you! You resist.
* * * LOW HITPOINT WARNING * * *
Antaeus hits you but does no damage.
You slash Antaeus! You burn Antaeus. You headbutt Antaeus!
Antaeus is heavily wounded.
You slice the hellephant!! You burn the hellephant!
You completely miss the tentacled monstrosity.
You hit Newaj but do no damage. Mennas blocks your attack.
The ice encasing you melts away.
Unknown command.
Unknown command.
You chop Antaeus into pieces!!! You burn Antaeus!!
Antaeus is severely wounded.
You slice the hellephant!! You burn the hellephant.
You slice the tentacled monstrosity!! You burn the tentacled monstrosity.
You hit Newaj. You burn Newaj.
You kill Newaj!
Trog accepts your kill.
Reactivating autopickup.
You closely miss Mennas.
Your deep troll bites Antaeus!
Your deep troll barely misses Antaeus.
Your deep troll claws Antaeus.
Mennas hits you with a +0 eudemon blade of holy wrath!!
You die...

.....###... .###..)###..
......#... ###.....[.###
.......... #.......[...#
..X......# ........)....
....X§...#..............
....MM...#..............
....XqL..#..............
.....s.X[##.............
...XXXA@Y.##...........#
.....X#CT..###.......###
.....###.....###...###.. ....#
##............... ...#
##.............. ###
###############
#################################
#....#.....#........#.........#..
#....#.....#........#.........#..


You could see Antaeus (distracted, ally target), a royal mummy, a hellephant,
Mennas, a tentacled monstrosity, an emperor scorpion (summoned), an ancient
lich, a white draconian stormcaller, 7 Orb Guardians, a mummy priest and a
friendly deep troll (summoned, berserk).

Vanquished Creatures
  Asmodeus (D)
  Ignacio (D)
  5 pandemonium lords (D)
  the Royal Jelly (D)
  Dissolution (D)
  Ereshkigal (D)
  the Serpent of Hell (D)
  3 ancient liches (D)
  3 royal mummies (D)
  the Lernaean hydra (D)
  Xtahua (D)
  3 curse toes (D)
  Margery (D)
  Jory (D)
  11 golden dragons (D)
  A profane servitor (D)
  A pearl dragon (D)
  3 bone dragons (D)
  2 Brimstone Fiends (D)
  4 electric golems (D)
  A tentacled monstrosity (D)
  2 hellephants (D)
  14 Orb Guardians (D)
  2 deep elf blademasters (D)
  4 Hell Sentinels (D)
  9 titans (D)
  An Ice Fiend (D)
  7 liches (D)
  8 quicksilver dragons (D)
  6 acid blobs (D)
  Frances (D)
  A sphinx (D)
  4 Executioners (D)
  4 storm dragons (D)
  13 shadow dragons (D)
  A draconian monk (D)
  6 nagarajas (D)
  2 daevas (D)
  4 azure jellies (D)
  4 fire giants (D)
  6 iron dragons (D)
  A ghost moth (D)
  2 draconian knights (D)
  A draconian scorcher (D)
  7 rockslimes (D)
  4 orc warlords (D)
  2 emperor scorpions (D)
  Louise (D)
  3 deep elf sorcerers (D)
  A balrug (D)
  9 ghouls (D)
  2 cacodemons (D)
  A spriggan defender (D)
  2 draconian annihilators (D)
  A reaper (D)
  A war gargoyle (D)
  An apis (D)
  2 quicksilver oozes (D)
  3 deep elf demonologists (D)
  6 vampire knights (D)
  5 green draconians (D)
  2 dire elephants (D)
  3 black draconians (D)
  2 lorocyprocas (D)
  2 white draconians (D)
  2 minotaurs (D)
  A red draconian (D)
  A yellow draconian (D)
  3 purple draconians (D)
  3 green deaths (D)
  4 blizzard demons (D)
  2 mummy priests (D)
  2 deep elf death magi (D)
  A great orb of eyes (D)
  3 deep elf high priests (D)
  11 fire dragons (D)
  11 ice dragons (D)
  A vault guard (D)
  10 hydras (D)
  2 spriggan air magi (D)
  An ogre mage (D)
  2 hell beasts (D)
  A merfolk avatar (D)
  3 naga warriors (D)
  2 alligator snapping turtles (D)
  4 dancing weapons (D)
  3 death knights (D)
  6 vampire magi (D)
  7 death yaks (D)
  A spriggan berserker (D)
  7 hell knights (D)
  2 orc high priests (D)
  Nergalle (D)
  2 soul eaters (D)
  3 spriggans (D)
  A shock serpent (shapeshifter) (D)
  2 sun demons (D)
  A fire crab (shapeshifter) (D)
  A deep elf knight (D)
  10 skeletal warriors (D)
  3 flayed ghosts (D)
  2 iron trolls (D)
  2 bog bodies (D)
  A sea snake (D)
  A deep troll (D)
  6 swamp dragons (D)
  A large abomination (D)
  A wizard (D)
  A phantasmal warrior (D)
  A lindwurm (D)
  5 harpies (D)
  A deep elf pyromancer (D)
  14 orc knights (D)
  A necromancer (D)
  A manticore (D)
  An orc sorcerer (D)
  A cyclops (D)
  4 elephants (D)
  A guardian serpent (D)
  2 naga magi (D)
  A salamander (D)
  A molten gargoyle (D)
  A rust devil (D)
  A gargoyle (D)
  A smoke demon (D)
  An orange demon (D)
  2 hellions (D)
  2 freezing wraiths (D)
  2 kobold demonologists (D)
  An efreet (D)
  A tormentor (D)
  2 wandering mushrooms (D)
  2 red devils (D)
  2 merfolk (D)
  A guardian mummy (D)
  A troll (D)
  A tyrant leech (D)
  2 slime creatures (D)
  A tarantella (D)
  A tarantella (shapeshifter) (D)
  4 hornets (D)
  6 dream sheep (D)
  A flying skull (D)
  A wraith (D)
  3 vampires (D)
  A water elemental (D)
  An air elemental (D)
  A golden eye (D)
  Grum (D)
  A fire elemental (D)
  2 ynoxinuls (D)
  11 yaks (D)
  A chaos spawn (D)
  A neqoxec (D)
  2 redbacks (D)
  2 nagas (D)
  2 wargs (D)
  A water moccasin (D)
  A floating eye (D)
  10 orc warriors (D)
  2 ice beasts (D)
  A swamp drake (D)
  A black bear (D)
  An ogre (D)
  3 wolves (D)
  3 centaurs (D)
  2 scorpions (D)
  A bullfrog (D)
  4 necrophages (D)
  A killer bee (D)
  A jelly (D)
  A gnoll shaman (D)
  An orc priest (D)
  3 orc wizards (D)
  4 gnolls (D)
  2 adders (D)
  2 river rats (D)
  5 adder zombies (D)
  3 adder skeletons (D)
  2 adder simulacra (D)
  15 orcs (D)
  A bat skeleton (D)
  2 bat zombies (D)
  A giant cockroach (D)
  2 goblins (D)
  12 jackals (D)
  2 quokkas (D)
  2 ball python simulacra (D)
  2 ball python skeletons (D)
  A ball python zombie (D)
  2 bat simulacra (D)
  2 giant cockroach simulacra (D)
  A jackal zombie (D)
  2 kobolds (D)
  2 quokka simulacra (D)
  A quokka skeleton (D)
  A quokka zombie (D)
  3 rats (D)
554 creatures vanquished.

Vanquished Creatures (collateral kills)
  2 Killer Klowns (D)
  Nikola (D)
  A golden dragon (D)
  2 Orb Guardians (D)
  A sphinx (D)
  A shadow dragon (D)
  A frost giant (D)
  A balrug (D)
  A ghoul (D)
  A black draconian (D)
  A deep elf demonologist (D)
  3 fire dragons (D)
  2 hydras (D)
  3 ice dragons (D)
  A two-headed ogre (D)
  A hell hog (D)
  A dancing weapon (D)
  2 death yaks (D)
  3 sun demons (D)
  A hell knight (D)
  2 skeletal warriors (D)
  3 swamp dragons (D)
  A wizard (D)
  2 salamanders (D)
  A wandering mushroom (D)
  A ynoxinul (D)
  An orc warrior (D)
  A kobold brigand (D)
  A quokka simulacrum (D)
43 creatures vanquished.

Vanquished Creatures (others)
  An iron dragon (D)
  A vampire mage (D)
  A spriggan druid (D)
  A gnoll (D)
  An orc (D)
5 creatures vanquished.

Grand Total: 602 creatures vanquished

Notes
Turn   | Place    | Note
-------+----------+-------------------------------------------
     0 | D        | mhtbhm the Minotaur Berserker began the quest for the Orb.
     0 | D        | Reached XP level 1. HP: 19/19 MP: 0/0
    21 | D        | Reached XP level 2. HP: 9/28 MP: 1/1
   242 | D        | Found a bloodstained altar of Trog.
   242 | D        | Found a shimmering blue altar of Sif Muna.
   242 | D        | Found a viscous altar of Jiyva.
   242 | D        | Found a hazy altar of Hepliaklqana.
   242 | D        | Found an opulent altar of Gozag.
   243 | D        | Found a glowing golden altar of the Shining One.
   243 | D        | Found a glowing silver altar of Zin.
   243 | D        | Found a basalt altar of Yredelemnul.
   243 | D        | Found a shimmering altar of Xom.
   243 | D        | Found an ornate altar of the Wu Jian Council.
   243 | D        | Found a sacrificial altar of Ru.
   243 | D        | Found a stormy altar of Qazlal.
   243 | D        | Found an iron altar of Okawaru.
   243 | D        | Found a sparkling altar of Nemelex Xobeh.
   243 | D        | Found a burning altar of Makhleb.
   243 | D        | Found a blossoming altar of Fedhas.
   243 | D        | Found a white marble altar of Elyvilon.
   243 | D        | Found a shadowy altar of Dithmenos.
   243 | D        | Found a snail-covered altar of Cheibriados.
   277 | D        | Reached skill level 5 in Fighting
   277 | D        | Reached skill level 5 in Axes
   278 | D        | Reached ** piety under Trog
   389 | D        | Noticed a scorpion
   393 | D        | Killed a scorpion
   394 | D        | Reached XP level 3. HP: 31/39 MP: 2/2
   394 | D        | Reached XP level 4. HP: 38/47 MP: 3/3
   516 | D        | Noticed a floating eye
   518 | D        | Reached *** piety under Trog
   519 | D        | Killed a floating eye
   520 | D        | Reached XP level 5. HP: 51/57 MP: 4/4
   521 | D        | Reached **** piety under Trog
   523 | D        | Reached skill level 5 in Dodging
   632 | D        | Noticed an ice beast
   641 | D        | Killed an ice beast
   642 | D        | Reached skill level 10 in Fighting
   642 | D        | Reached skill level 10 in Axes
   642 | D        | Reached skill level 5 in Armour
   642 | D        | Reached XP level 6. HP: 67/67 MP: 5/5
   644 | D        | Reached ***** piety under Trog
   648 | D        | Received a gift from Trog
   851 | D        | Noticed a water moccasin
   854 | D        | Killed a water moccasin
   854 | D        | Received a gift from Trog
   855 | D        | Reached XP level 7. HP: 74/74 MP: 6/6
   971 | D        | Noticed a flying skull
   971 | D        | Noticed a redback
   971 | D        | Noticed a yak
   971 | D        | Noticed a yak
   971 | D        | Noticed a yak
   971 | D        | Noticed a yak
   971 | D        | Noticed a yak
   971 | D        | Noticed a yak
   976 | D        | Killed a yak
   978 | D        | Killed a flying skull
   979 | D        | Killed a redback
   980 | D        | Reached XP level 8. HP: 86/86 MP: 7/7
   983 | D        | Reached ****** piety under Trog
   984 | D        | Received a gift from Trog
   985 | D        | Reached skill level 15 in Axes
  1120 | D        | Found the +7 captain's cutlass {speed, disarm}
  1209 | D        | Found a radiant altar of Vehumet.
  1209 | D        | Found a corrupted altar of Lugonu.
  1234 | D        | Noticed an orc high priest
  1235 | D        | Noticed a hellwing
  1235 | D        | Noticed a kobold demonologist
  1237 | D        | Noticed a kobold demonologist
  1238 | D        | Noticed a sixfirhy
  1244 | D        | Killed a kobold demonologist
  1245 | D        | Reached XP level 9. HP: 85/96 MP: 8/8
  1248 | D        | Noticed a rust devil
  1248 | D        | Killed an orc high priest
  1249 | D        | Reached skill level 15 in Fighting
  1251 | D        | Killed a kobold demonologist
  1251 | D        | Received a gift from Trog
  1438 | D        | Noticed a molten gargoyle
  1438 | D        | Noticed Nergalle
  1438 | D        | Noticed a guardian mummy
  1441 | D        | Killed a guardian mummy
  1447 | D        | Killed a molten gargoyle
  1448 | D        | Reached skill level 10 in Armour
  1449 | D        | Killed Nergalle
  1450 | D        | Reached XP level 10. HP: 78/107 MP: 9/9
  1643 | D        | Noticed an elephant
  1643 | D        | Noticed an elephant
  1644 | D        | Noticed an elephant
  1649 | D        | Killed an elephant
  1649 | D        | Received a gift from Trog
  1649 | D        | Killed an elephant
  1650 | D        | Reached skill level 10 in Dodging
  1655 | D        | Killed an elephant
  1690 | D        | Noticed an elephant
  1697 | D        | Killed an elephant
  1705 | D        | Noticed a vampire mage
  1722 | D        | Killed a vampire mage
  1722 | D        | Received a gift from Trog
  1723 | D        | Reached skill level 1 in Stealth
  1858 | D        | Noticed an orange demon
  1858 | D        | Noticed a minotaur
  1862 | D        | Killed an orange demon
  1868 | D        | Killed a minotaur
  1993 | D        | Noticed a death yak
  1993 | D        | Noticed a smoke demon
  2000 | D        | Killed a smoke demon
  2001 | D        | Reached XP level 11. HP: 52/117 MP: 10/10
  2001 | D        | Killed a death yak
  2001 | D        | Received a gift from Trog
  2235 | D        | Noticed Grum
  2243 | D        | Killed Grum
  2243 | D        | Received a gift from Trog
  2283 | D        | Noticed a deep elf pyromancer
  2291 | D        | Killed a deep elf pyromancer
  2291 | D        | Received a gift from Trog
  2338 | D        | Noticed a lindwurm
  2338 | D        | Noticed a naga warrior
  2342 | D        | Noticed a deep troll
  2347 | D        | Killed a lindwurm
  2351 | D        | Killed a deep troll
  2351 | D        | Killed a naga warrior
  2367 | D        | Received a gift from Trog
  2640 | D        | Noticed a phantasmal warrior
  2646 | D        | Killed a phantasmal warrior
  2803 | D        | Identified the +13 battleaxe of Spontaneous Combustion
                  | {vorpal, Fly rElec rC+ SInv} (Trog gifted it to you in the
                  | Dungeon)
  2803 | D        | Received a gift from Trog
  2916 | D        | Noticed a death yak
  2916 | D        | Noticed a death yak
  2921 | D        | Received a gift from Trog
  2922 | D        | Killed a death yak
  2923 | D        | Received a gift from Trog
  2924 | D        | Reached XP level 12. HP: 134/134 MP: 11/11
  2928 | D        | Killed a death yak
  3226 | D        | Noticed a minotaur
  3229 | D        | Received a gift from Trog
  3232 | D        | Killed a minotaur
  3239 | D        | Identified the +5 battleaxe "Reseh" {antimagic, Dex+3
                  | Stlth+} (Trog gifted it to you in the Dungeon)
  3239 | D        | Received a gift from Trog
  3291 | D        | Got the ring "Soaq Sung" {rPois Int+5 Dex+3}
  3426 | D        | Noticed a merfolk avatar
  3426 | D        | Noticed a nagaraja
  3426 | D        | Noticed a two-headed ogre
  3426 | D        | Noticed a blizzard demon
  3426 | D        | Noticed a hell hog
  3431 | D        | Killed a hell hog
  3438 | D        | Killed a merfolk avatar
  3438 | D        | Received a gift from Trog
  3441 | D        | Killed a two-headed ogre
  3443 | D        | Killed a nagaraja
  3445 | D        | Received a gift from Trog
  3447 | D        | Noticed a purple draconian
  3447 | D        | Noticed a nagaraja
  3448 | D        | Reached skill level 1 in Evocations
  3453 | D        | Killed a purple draconian
  3454 | D        | Reached XP level 13. HP: 106/148 MP: 12/12
  3458 | D        | Reached skill level 15 in Armour
  3459 | D        | Killed a nagaraja
  3459 | D        | Received a gift from Trog
  3460 | D        | Reached skill level 5 in Stealth
  3469 | D        | Received a gift from Trog
  3472 | D        | Killed a blizzard demon
  3479 | D        | Received a gift from Trog
  3976 | D        | Noticed a Hell Sentinel
  3982 | D        | Killed a Hell Sentinel
  4105 | D        | Noticed a dire elephant
  4111 | D        | Killed a dire elephant
  4111 | D        | Received a gift from Trog
  4136 | D        | Noticed a green death
  4137 | D        | Killed a green death
  4139 | D        | Noticed an acid blob
  4143 | D        | Killed an acid blob
  4144 | D        | Reached skill level 27 in Axes
  4168 | D        | Noticed an electric golem
  4173 | D        | Killed an electric golem
  4184 | D        | Noticed a mummy priest
  4187 | D        | Killed a mummy priest
  4231 | D        | Noticed a titan
  4231 | D        | Noticed a titan
  4231 | D        | Noticed a green draconian
  4231 | D        | Noticed an electric golem
  4231 | D        | Noticed a titan
  4238 | D        | Killed a titan
  4238 | D        | Received a gift from Trog
  4241 | D        | Killed a green draconian
  4245 | D        | Killed a titan
  4249 | D        | Killed a titan
  4249 | D        | Received a gift from Trog
  4249 | D        | Killed an electric golem
  4250 | D        | Reached skill level 27 in Fighting
  4250 | D        | Reached XP level 14. HP: 168/168 MP: 13/13
  4390 | D        | Noticed Xigrook the pandemonium lord
  4406 | D        | Killed Xigrook the pandemonium lord
  4407 | D        | Reached skill level 15 in Dodging
  4695 | D        | Noticed an acid blob
  4698 | D        | Killed an acid blob
  4698 | D        | Received a gift from Trog
  4843 | D        | Noticed a hellephant
  4849 | D        | Killed a hellephant
  4872 | D        | Noticed an azure jelly
  4873 | D        | Killed an azure jelly
  4874 | D        | Reached skill level 10 in Stealth
  4875 | D        | Noticed a lich
  4878 | D        | Killed a lich
  4906 | D        | Received a gift from Trog
  4943 | D        | Noticed a yellow draconian annihilator
  4945 | D        | Killed a yellow draconian annihilator
  5000 | D        | Noticed an orc warlord
  5000 | D        | Noticed an orc warlord
  5013 | D        | Killed an orc warlord
  5013 | D        | Received a gift from Trog
  5020 | D        | Killed an orc warlord
  5027 | D        | Received a gift from Trog
  5037 | D        | Received a gift from Trog
  5041 | D        | Reached skill level 15 in Stealth
  5678 | D        | Noticed Zehacir the pandemonium lord
  5689 | D        | Killed Zehacir the pandemonium lord
  5689 | D        | Received a gift from Trog
  5690 | D        | Reached skill level 5 in Evocations
  5690 | D        | Reached XP level 15. HP: 128/174 MP: 14/14
  6003 | D        | Noticed a Hell Sentinel
  6008 | D        | Killed a Hell Sentinel
  6107 | D        | Noticed a red draconian scorcher
  6110 | D        | Killed a red draconian scorcher
  6112 | D        | Noticed a nagaraja
  6116 | D        | Killed a nagaraja
  6127 | D        | Noticed an Executioner
  6129 | D        | Killed an Executioner
  6129 | D        | Received a gift from Trog
  6134 | D        | Noticed the 27-headed Lernaean hydra
  6143 | D        | Killed the 24-headed Lernaean hydra
  6357 | D        | Found the +7 sceptre of Asmodeus
  6357 | D        | Noticed Asmodeus
  6374 | D        | Killed Asmodeus
  6600 | D        | Noticed a storm dragon
  6603 | D        | Killed a storm dragon
  6608 | D        | Noticed an electric golem
  6610 | D        | Killed an electric golem
  6622 | D        | Noticed a nagaraja
  6624 | D        | Killed a nagaraja
  6624 | D        | Received a gift from Trog
  6635 | D        | Noticed a titan
  6635 | D        | Noticed a titan
  6640 | D        | Killed a titan
  6640 | D        | Noticed a royal mummy
  6648 | D        | Killed a royal mummy
  6651 | D        | Killed a titan
  6939 | D        | Received a gift from Trog
  6968 | D        | Noticed a bone dragon
  6968 | D        | Noticed a royal mummy
  6975 | D        | Noticed an emperor scorpion
  6975 | D        | Noticed an emperor scorpion
  6980 | D        | Killed a bone dragon
  6985 | D        | Killed a royal mummy
  7356 | D        | Noticed a fire giant
  7357 | D        | Killed a fire giant
  7384 | D        | Noticed an iron dragon
  7384 | D        | Noticed an Executioner
  7386 | D        | Noticed an ancient lich
  7387 | D        | Killed an Executioner
  7387 | D        | Received a gift from Trog
  7388 | D        | Killed an ancient lich
  7390 | D        | Killed an iron dragon
  7494 | D        | Noticed the Royal Jelly
  7499 | D        | Noticed a rockslime
  7499 | D        | Noticed an azure jelly
  7500 | D        | Noticed an azure jelly
  7500 | D        | Noticed a rockslime
  7503 | D        | Killed a rockslime
  7504 | D        | Killed an azure jelly
  7504 | D        | Killed an azure jelly
  7505 | D        | Killed a rockslime
  7506 | D        | Noticed a rockslime
  7507 | D        | Noticed an acid blob
  7507 | D        | Noticed a rockslime
  7507 | D        | Noticed a rockslime
  7508 | D        | Killed the Royal Jelly
  7508 | D        | Noticed an acid blob
  7509 | D        | Reached XP level 16. HP: 131/183 MP: 15/15
  7510 | D        | Killed an acid blob
  7510 | D        | Killed an acid blob
  7757 | D        | Noticed an acid blob
  7758 | D        | Noticed a curse toe
  7759 | D        | Killed an acid blob
  7765 | D        | Killed a curse toe
  7768 | D        | Noticed a Hell Sentinel
  7770 | D        | Killed a Hell Sentinel
  7779 | D        | Noticed a pearl dragon
  7784 | D        | Killed a pearl dragon
  7784 | D        | Received a gift from Trog
  7795 | D        | Noticed Ereshkigal
  7799 | D        | Noticed a Tzitzimitl
  7817 | D        | Noticed a Tzitzimitl
  7822 | D        | Killed Ereshkigal
  8128 | D        | Noticed Ignacio
  8128 | D        | Noticed a Killer Klown
  8131 | D        | Noticed the Serpent of Hell
  8133 | D        | Killed a Killer Klown
  8134 | D        | Killed Ignacio
  8134 | D        | Noticed a curse toe
  8135 | D        | Reached skill level 27 in Stealth
  8138 | D        | Killed a curse toe
  8138 | D        | Received a gift from Trog
  8140 | D        | Noticed a storm dragon
  8151 | D        | Noticed a quicksilver dragon
  8152 | D        | Noticed a storm dragon
  8155 | D        | Killed the Serpent of Hell
  8156 | D        | Reached skill level 27 in Armour
  8567 | D        | Noticed Dueneve the pandemonium lord
  8567 | D        | Noticed a Hell Sentinel
  8584 | D        | Killed Dueneve the pandemonium lord
  8589 | D        | HP: 10/274 [??? (8)]
  8592 | D        | Killed a Hell Sentinel
  8596 | D        | HP: 4/183 [??? (2)]
  8597 | D        | HP: 1/183 [tormentor (3)]
  9051 | D        | Got the ring of the Past {rPois EV+4 Str+3}
  9053 | D        | Got the amulet of Wiobeng {rElec rPois rF+ Regen+}
  9056 | D        | Got the amulet "Weukhomox" {Spirit rElec rC+ rN+ Int-5}
  9061 | D        | Got the ring "Wean" {rC+ Will+}
  9066 | D        | Got the amulet of Freedom {RegenMP rElec MP+9 Int+4 Dex+4}
  9069 | D        | Got the ring "Siegossa" {rC+ rN+ rCorr}
  9075 | D        | Got an iron rune of Zot
  9077 | D        | Got the amulet of Uranaz {Faith rF+ Will+ Slay+2}
  9080 | D        | Got the ring of Hoovuvaa {Str+9 SInv}
  9082 | D        | Got the ring "Xeoph" {rC++ Will- Str-4 Slay+4 Stlth+}
  9084 | D        | Got the amulet "Neschoig" {Spirit Str+5}
  9086 | D        | Got the amulet "Qihus" {Faith *Corrode Slay+2 SInv}
  9089 | D        | Got the ring "Miki" {+Blink Dex+6}
  9091 | D        | Got the ring of Sierupn {rCorr AC+4 SInv}
  9110 | D        | Got the +6 chain mail of Lugiwn {rPois}
  9364 | D        | Noticed a sphinx
  9364 | D        | Noticed Margery
  9364 | D        | Noticed a lich
  9366 | D        | Noticed Frances
  9375 | D        | Noticed a lich
  9377 | D        | Killed a lich
  9378 | D        | Killed Margery
  9378 | D        | Received a gift from Trog
  9379 | D        | Noticed a sphinx
  9382 | D        | Reached XP level 17. HP: 191/191 MP: 16/16
  9382 | D        | Killed Frances
  9383 | D        | Received a gift from Trog
  9388 | D        | Killed a lich
  9395 | D        | Received a gift from Trog
  9400 | D        | Reached skill level 27 in Dodging
  9403 | D        | Received a gift from Trog
  9404 | D        | Reached skill level 10 in Evocations
  9687 | D        | Received a gift from Trog
  9687 | D        | Noticed a profane servitor
  9700 | D        | Killed a profane servitor
  9925 | D        | Got the amulet of Birdsong {Spirit rElec rPois}
  9927 | D        | Got the amulet "Xycyifit" {Reflect rC++ Slay+5 SH+5}
  9929 | D        | Got the amulet "Kaadar" {Regen+ Int+6}
  9931 | D        | Got the ring of Idealism {*Slow rPois rN+ Will++ Int+4}
  9933 | D        | Got the ring of Zixahi {rN+ Will+ Int+3}
  9935 | D        | Got the ring of the Scavenger {rElec Str+6}
  9937 | D        | Got the ring of Xinnuveb {rC+ rN+ Int+6}
  9939 | D        | Got the ring "Ocsiekh" {rElec rN+ Will+ rCorr}
  9941 | D        | Got the ring of Pats {rN+ Int+6 Dex+6 Slay+3}
  9943 | D        | Got the amulet "Xetheti" {Reflect Str+3 SH+5}
  9945 | D        | Got the ring of Naosac {Fire rElec}
  9947 | D        | Got the ring of the Voivode {Fly rN++ Str+6}
  9949 | D        | Got the ring "Raxki" {Wiz rPois Dex+3}
  9953 | D        | Got the amulet "Sihu" {RegenMP Stlth+}
  9955 | D        | Got the amulet "Dosiapuc" {Fragile rElec rPois Regen+
                  | rCorr}
  9957 | D        | Got the ring "Leckoq" {rCorr Slay+5}
  9959 | D        | Got the amulet of Balut {Faith Contam rC+++ rN+ Int+3}
  9961 | D        | Got the ring of Awuos {rPois rN+ Str-2 SInv}
  9963 | D        | Got the ring "Roj Valy" {*Slow rF++ EV+6 Int-4 SInv}
  9996 | D        | Got the ring "Nera" {rElec Int+3 SInv}
  9998 | D        | Got the ring "Buis" {Will+ Int+4 Dex+6 SInv}
 10000 | D        | Got the ring of Moodiness {rF+ rC+ rN+ Str+4}
 10002 | D        | Got the ring "Noges" {rF+ rN+ Will- Stlth+}
 10004 | D        | Got the ring of Contentment {rC+ rN+ Will+ rCorr Int+2}
 10178 | D        | Noticed Jory
 10178 | D        | Noticed a hellephant
 10179 | D        | Noticed a Hell Sentinel
 10189 | D        | Killed a hellephant
 10190 | D        | Reached skill level 15 in Evocations
 10195 | D        | Received a gift from Trog
 10201 | D        | Reached skill level 1 in Shields
 10201 | D        | Noticed Xtahua
 10205 | D        | Killed Jory
 10205 | D        | Received a gift from Trog
 10206 | D        | Reached skill level 5 in Shields
 10210 | D        | Noticed an acid blob
 10210 | D        | Noticed a quicksilver dragon
 10213 | D        | Killed Xtahua
 10216 | D        | Gained mutation: Armour fits poorly on your strangely
                  | shaped body. [a cacodemon]
 10217 | D        | Killed an acid blob
 10218 | D        | Gained mutation: Your spells are a little easier to cast,
                  | but a little less powerful. [a cacodemon]
 10220 | D        | Reached skill level 10 in Shields
 10221 | D        | Received a gift from Trog
 10221 | D        | Killed a quicksilver dragon
 10227 | D        | Received a gift from Trog
 10420 | D        | Noticed Dissolution
 10420 | D        | Noticed Louise
 10425 | D        | Killed Dissolution
 10426 | D        | Reached skill level 15 in Shields
 10429 | D        | Killed Louise
 10522 | D        | Received a gift from Trog
 10673 | D        | Gained mutation: Potions are less effective at restoring
                  | your health. [a cacodemon]
 10683 | D        | Received a gift from Trog
 10807 | D        | Received a gift from Trog
 10865 | D        | Noticed a titan
 10865 | D        | Noticed a Killer Klown
 10866 | D        | Noticed Nikola
 10870 | D        | Killed a titan
 10871 | D        | Reached XP level 18. HP: 200/200 MP: 17/17
 10871 | D        | Received a gift from Trog
 10888 | D        | Reached skill level 1 in Unarmed Combat
 10889 | D        | Killed Nikola
 10894 | D        | Killed a Killer Klown
 11130 | D        | Found the +18 Lear's hauberk
 11146 | D        | Got the +9 broad axe "Atoafyj" {speed, rPois rCorr Str+2}
 11197 | D        | Got the amulet of the Crown {Faith rN+ Str-4 Stlth+}
 11199 | D        | Got the ring "Zyczis" {Fire Will+ Str+2}
 11201 | D        | Got the ring of Veagryise {rF+ Int+3}
 11203 | D        | Got the ring of Amorality {rC+ rCorr Int+8}
 11205 | D        | Got the amulet "Zisanajack" {RegenMP Drain Fly rPois}
 11207 | D        | Got the ring "Orchint Jyvol" {rElec rPois rF+++ Str+3
                  | Dex-5}
 11209 | D        | Got the ring "Daras" {Contam +Blink rElec rPois Int+2
                  | Dex+6}
 11211 | D        | Got the ring "Zatihodi" {rC+ Will+ EV+4 Dex+4 Stlth+}
 11330 | D        | Identified the +13 war axe of Roxel {antimagic, rElec}
                  | (Trog gifted it to you in the Dungeon)
 11330 | D        | Received a gift from Trog
 11340 | D        | Received a gift from Trog
 11354 | D        | Received a gift from Trog
 11356 | D        | Reached skill level 5 in Unarmed Combat
 11557 | D        | Paralysed by an air elemental for 1 turns
 11559 | D        | Received a gift from Trog
 11560 | D        | Reached skill level 27 in Shields
 11563 | D        | Identified the +4 broad axe of the Desert {vorpal, rElec
                  | rC+ Str-3} (Trog gifted it to you in the Dungeon)
 11563 | D        | Received a gift from Trog
 11571 | D        | Received a gift from Trog
 11585 | D        | Reached skill level 10 in Unarmed Combat
 11586 | D        | Identified the +1 hand axe "Giawnaq" {vorpal, rPois rF+
                  | SInv} (Trog gifted it to you in the Dungeon)
 11586 | D        | Received a gift from Trog
 12138 | D        | Received a gift from Trog
 12148 | D        | Received a gift from Trog
 12153 | D        | Noticed an ancient lich
 12153 | D        | Noticed a curse toe
 12154 | D        | Received a gift from Trog
 12164 | D        | Killed a curse toe
 12168 | D        | Killed an ancient lich
 12168 | D        | Received a gift from Trog
 12612 | D        | Found the amulet of Vitality {Regen+ HP+15}
 12612 | D        | Found the -2 hat of the Alchemist {rElec rPois rF+ rC+ rN+
                  | Will+ rMut rCorr}
 12612 | D        | Noticed a lich
 12612 | D        | Noticed a lich
 12612 | D        | Noticed a bone dragon
 12612 | D        | Noticed a bone dragon
 12817 | D        | Noticed a golden dragon
 12817 | D        | Noticed a golden dragon
 12817 | D        | Noticed a golden dragon
 12819 | D        | Killed a golden dragon
 12821 | D        | Killed a golden dragon
 12822 | D        | Reached skill level 15 in Unarmed Combat
 12823 | D        | Noticed a golden dragon
 12823 | D        | Noticed a golden dragon
 12823 | D        | Found the +3 Mad Mage's Maulers {Infuse+∞ RegenMP Int-3}
 12829 | D        | Received a gift from Trog
 12841 | D        | Received a gift from Trog
 12841 | D        | Killed a golden dragon
 12841 | D        | Noticed a golden dragon
 12842 | D        | Reached XP level 19. HP: 207/207 MP: 18/18
 12843 | D        | Killed a golden dragon
 12844 | D        | Reached skill level 27 in Evocations
 12850 | D        | Killed a golden dragon
 12854 | D        | Received a gift from Trog
 12855 | D        | Noticed a golden dragon
 12862 | D        | Noticed a golden dragon
 12862 | D        | Received a gift from Trog
 12863 | D        | Noticed a golden dragon
 12870 | D        | Identified the +1 hand axe of Red Magnificence {flame,
                  | rCorr Str+3} (Trog gifted it to you in the Dungeon)
 12870 | D        | Received a gift from Trog
 12872 | D        | Killed a golden dragon
 12874 | D        | Noticed a golden dragon
 12874 | D        | Noticed a golden dragon
 12875 | D        | Killed a golden dragon
 12879 | D        | Received a gift from Trog
 12881 | D        | Reached skill level 27 in Unarmed Combat
 12884 | D        | Reached skill level 1 in Short Blades
 12884 | D        | Reached skill level 1 in Long Blades
 12884 | D        | Reached skill level 1 in Maces & Flails
 12884 | D        | Reached skill level 1 in Polearms
 12884 | D        | Reached skill level 1 in Staves
 12884 | D        | Reached skill level 1 in Slings
 12884 | D        | Reached skill level 1 in Bows
 12884 | D        | Reached skill level 1 in Crossbows
 12885 | D        | Reached skill level 1 in Throwing
 12885 | D        | Reached skill level 1 in Invocations
 12885 | D        | Killed a golden dragon
 12887 | D        | Received a gift from Trog
 12893 | D        | Reached skill level 5 in Polearms
 12895 | D        | Killed a golden dragon
 12906 | D        | Received a gift from Trog
 12910 | D        | Reached skill level 5 in Long Blades
 12910 | D        | Reached skill level 5 in Maces & Flails
 12910 | D        | Reached skill level 5 in Staves
 12911 | D        | Killed a golden dragon
 12912 | D        | Reached skill level 5 in Short Blades
 12912 | D        | Reached skill level 5 in Slings
 12912 | D        | Reached skill level 5 in Bows
 12912 | D        | Reached skill level 5 in Crossbows
 12916 | D        | Reached skill level 5 in Invocations
 12919 | D        | Reached skill level 5 in Throwing
 12928 | D        | Killed a golden dragon
 12928 | D        | Received a gift from Trog
 12978 | D        | Reached skill level 10 in Polearms
 13040 | D        | Identified the +8 war axe of Freehold {vorpal, rF++ Dex-4
                  | SInv} (Trog gifted it to you in the Dungeon)
 13040 | D        | Received a gift from Trog
 13104 | D        | Got a golden rune of Zot
 13137 | D        | Got the ring of Zeziaghu {rElec rPois rN+ rCorr Int-5}
 13438 | D        | Identified the +8 hunting sling "Lihim" {venom, Int-5 Dex+4
                  | SInv}
 13444 | D        | Received a gift from Trog
 13445 | D        | Paralysed by a vampire knight for 3 turns
 13450 | D        | Received a gift from Trog
 13453 | D        | Killed a bone dragon
 13453 | D        | Received a gift from Trog
 13454 | D        | Killed a bone dragon
 13458 | D        | Received a gift from Trog
 13460 | D        | Received a gift from Trog
 13461 | D        | Reached skill level 10 in Long Blades
 13461 | D        | Reached skill level 10 in Maces & Flails
 13461 | D        | Reached skill level 10 in Staves
 13462 | D        | Received a gift from Trog
 13464 | D        | Reached XP level 20. HP: 216/216 MP: 1/25
 13465 | D        | Received a gift from Trog
 13470 | D        | Received a gift from Trog
 13681 | D        | Got a silver rune of Zot
 13819 | D        | Received a gift from Trog
 13820 | D        | Reached skill level 10 in Short Blades
 13820 | D        | Reached skill level 15 in Polearms
 13820 | D        | Reached skill level 10 in Slings
 13820 | D        | Reached skill level 10 in Bows
 13820 | D        | Reached skill level 10 in Crossbows
 13824 | D        | Identified the +6 broad axe of the Other Side {flame, rPois
                  | rF+ Dex+3} (Trog gifted it to you in the Dungeon)
 13824 | D        | Received a gift from Trog
 13997 | D        | Received a gift from Trog
 13998 | D        | Reached skill level 10 in Throwing
 13998 | D        | Reached skill level 10 in Invocations
 13998 | D        | Noticed a royal mummy
 14005 | D        | Received a gift from Trog
 14009 | D        | Received a gift from Trog
 14010 | D        | Killed a royal mummy
 14014 | D        | Identified the +10 great sword "Maixebb" {vorpal, *Corrode
                  | rN+++ Dex+6} (Trog gifted it to you in the Dungeon)
 14014 | D        | Received a gift from Trog
 14417 | D        | Noticed an ancient lich
 14427 | D        | Received a gift from Trog
 14484 | D        | Noticed Siawk the pandemonium lord
 14489 | D        | Killed an ancient lich
 14500 | D        | Killed Siawk the pandemonium lord
 14501 | D        | Received a gift from Trog
 14507 | D        | Received a gift from Trog
 14787 | D        | Noticed a golden dragon
 14788 | D        | Noticed a royal mummy
 14788 | D        | Noticed Antaeus
 14789 | D        | Noticed Newaj the pandemonium lord
 14792 | D        | Noticed an ancient lich
 14794 | D        | Noticed Mennas
 14795 | D        | Reached skill level 15 in Maces & Flails
 14797 | D        | Reached skill level 15 in Long Blades
 14797 | D        | Reached skill level 15 in Staves
 14798 | D        | Identified the +10 rapier of Instinct {vorpal, Fragile
                  | rElec Str+3 Dex+4} (Trog gifted it to you in the Dungeon)
 14798 | D        | Received a gift from Trog
 14798 | D        | Killed a golden dragon
 14802 | D        | HP: 8/324 [Antaeus (10)]
 14804 | D        | Killed Newaj the pandemonium lord
 14804 | D        | Mangled by Mennas

Illustrated notes

Levels and vault maps discovered:
D:        pitsprint [storerooms_1, entrance_room_1, metal_vault_1, armoury_1,
          mini_pit_1, grid_room_1, main_hall_1, silver_pit, the_coven_2,
          the_vestibule_1, steel_vault_5, golden_pit, hallway_of_sentries,
          crystal_vault_2, iron_vault_2, final_vault]

Skill      XL: |  1  2  3  4  5  6  7  8  9 10 11 12 13 14 15 16 17 18 19 20 |
---------------+-------------------------------------------------------------+-----
Fighting       | 4 7 9 10 11 13 14 16 17 20 23 27 | 27.0
Axes           | 4 7 9 10 11 13 16 18 21 23 25 27 | 27.0
Armour         | 3 4 5 6 7 8 10 11 13 14 17 20 23 27 | 27.0
Dodging        | 3 4 5 6 7 8 9 10 12 13 14 17 18 24 27 | 27.0
Stealth        | 1 3 4 7 16 24 27 | 27.0
Evocations     | 1 3 5 8 19 26 27 | 27.0
Shields        | 21 27 | 27.0
Unarmed Combat | 17 27 | 27.0
Short Blades   | 9 14 | 14.0
Long Blades    | 10 15 | 15.2
Maces & Flails | 10 15 | 15.2
Polearms       | 14 18 | 18.6
Staves         | 10 15 | 15.2
Slings         | 9 14 | 14.0
Bows           | 9 14 | 14.0
Crossbows      | 9 14 | 14.1
Throwing       | 8 13 | 13.0
Invocations    | 8 13 | 13.0

Action                   |  1- 3 |  4- 6 |  7- 9 | 10-12 | 13-15 | 16-18 | 19-21 || total
-------------------------+-------+-------+-------+-------+-------+-------+-------++-------
Melee: Hand axe          |    15 |    30 |       |       |       |       |       ||    45
       Headbutt          |       |     3 |     5 |    24 |    59 |    65 |    37 ||   193
       War axe           |       |     9 |     5 |       |       |       |       ||    14
       Broad axe         |       |       |    12 |       |       |       |       ||    12
       Battleaxe         |       |       |    22 |   120 |   222 |   313 |   122 ||   799
       Executioner's axe |       |       |       |       |    12 |       |    68 ||    80
       Unarmed           |       |       |       |       |       |     1 |       ||     1
Invok: Berserk           |     1 |     1 |     3 |     6 |    10 |    12 |     4 ||    37
       Brothers in Arms  |       |       |     1 |     3 |     2 |    14 |     7 ||    27
       Trog's Hand       |       |       |       |       |       |     2 |     2 ||     4
Evoke: Lightning rod     |       |       |       |     2 |       |       |       ||     2
       Phantom mirror    |       |       |       |       |     2 |     2 |       ||     4
  Use: Potion            |       |     1 |       |     6 |     7 |    17 |     5 ||    36
       Scroll            |       |       |       |       |     2 |     2 |    18 ||    22
 Stab: Sleeping          |       |       |       |       |    17 |     7 |       ||    24
       Invisible         |       |       |       |       |    21 |       |       ||    21
       Distracted        |       |       |       |       |     3 |     3 |     3 ||     9
Armor: Animal skin       |     2 |     2 |       |       |       |       |       ||     4
       Scale mail        |       |    20 |     8 |       |       |       |       ||    28
       Ring mail         |       |       |    10 |    79 |    26 |       |       ||   115
       Chain mail        |       |       |       |       |    77 |   103 |       ||   180
       Plate armour      |       |       |       |       |       |    25 |       ||    25
       Fire dragon scale |       |       |       |       |       |    64 |    82 ||   146
       Gold dragon scale |       |       |       |       |       |       |   137 ||   137
Dodge: Dodged            |    10 |    31 |    21 |   117 |   120 |   210 |   131 ||   640
Block: Other             |       |       |       |       |       |    34 |    42 ||    76

Table legend: (Time is in decaauts) A = Elapsed time spent in this place. B = Non-inter-level travel time spent in this place. C = Inter-level travel time spent in this place. D = Time resting spent in this place. E = Time spent auto-exploring this place. F = Levels seen in this place. G = Mean time per level. A B C D E F G +--------+--------+--------+--------+--------+-----+--------+ Total | 14741 | 14741 | 0 | 10022 | 121 | 1 | 14741.0 | Dungeon | 14741 | 14741 | 0 | 10022 | 121 | 1 | 14741.0 | +--------+--------+--------+--------+--------+-----+--------+

Top non-repeatable levels by time:
       D: 14741 daAuts
